 Dungeon Crawl Stone Soup version 0.20.1-1-g8b1a95d (webtiles) character file.

102 letownia2 the Grave Robber (level 4, 0/36 HPs)
             Began as a Deep Dwarf Necromancer on Nov 1, 2017.
             Slain by a howler monkey (4 damage)
             ... on level 4 of the Dungeon.
             The game lasted 00:04:02 (1038 turns).

letownia2 the Grave Robber (Deep Dwarf Necromancer) Turns: 1038, Time: 00:04:03

Health: 0/36       AC:  2    Str: 12    XL:     4   Next: 49%
Magic:  1/7        EV: 12    Int: 16    God:
Gold:   44         SH:  0    Dex: 13    Spells: 3/7 levels left

rFire    . . .     SeeInvis .   h - -3 dagger (curse)
rCold    . . .     Gourm    .   (no shield)
rNeg     . . .     Faith    .   a - +0 robe
rPois    .         Spirit   .   (no helmet)
rElec    .         Reflect  .   (no cloak)
rCorr    .         Harm     .   (no gloves)
MR       .....                  (no boots)
Stlth    ++........             (no amulet)
Regen    0.0/turn               (no ring)
MPRegen  0.1/turn               (no ring)

@: non-regenerating
A: damage resistance, heal wounds, sense surroundings 1, no regeneration
a: Heal Wounds


You were on level 4 of the Dungeon.
You were near starving.

You visited 1 branch of the dungeon, and saw 4 of its levels.

You collected 44 gold pieces.

Inventory:

Hand Weapons
 h - a cursed -3 dagger (weapon)
 j - a +0 battleaxe
Armour
 a - a +0 robe (worn)
Wands
 i - a wand of acid (8/15)
 k - a wand of enslavement (10/24)
Scrolls
 l - a scroll of remove curse {unknown}
 m - a scroll of immolation {unknown}
Potions
 e - 2 potions of might {unknown}
 f - a potion of degeneration {unknown}
 g - a potion of berserk rage {unknown}
Books
 b - a book of Necromancy

   Spells                             Type                      Level
   a - Pain                           Necromancy                   1
   b - Animate Skeleton               Necromancy                   1
   c - Vampiric Draining              Necromancy                   3
   d - Regeneration                   Charms/Necromancy            3
   e - Animate Dead                   Necromancy                   4
   f - Control Undead                 Necromancy                   4
Comestibles
 c - 3 bread rations
 d - a royal jelly


   Skills:
 - Level 2.1 Dodging
 - Level 2.4 Stealth
 - Level 2.0 Spellcasting
 + Level 6.4 Necromancy


You had 3 spell levels left.
You knew the following spells:

 Your Spells              Type           Power        Failure   Level  Hunger
a - Pain                  Necr           ###.         1%          1    #......
v - Vampiric Draining     Necr           ###.......   4%          3    ###....


Dungeon Overview and Level Annotations

Branches:
Dungeon (4/15)
 Temple: D:4-7

Altars:

Annotations:
D:3 RaverJD's ghost, amateur MiBe
D:4 Pikel


Innate Abilities, Weirdness & Mutations

You are resistant to damage.
You can heal yourself by infusing magical energy.
You passively map a small area around you.
You do not regenerate.


Message History

The howler monkey is heavily wounded.
The howler monkey hits you.
* * * LOW HITPOINT WARNING * * *
You hit the howler monkey but do no damage.
The howler monkey is heavily wounded.
The howler monkey closely misses you.
You closely miss the howler monkey.
The howler monkey is heavily wounded.
The howler monkey closely misses you.
You closely miss the howler monkey.
The howler monkey is heavily wounded.
The howler monkey hoots and howls with incredible vigour!
The howler monkey hits you.
You barely miss the howler monkey.
The howler monkey is heavily wounded.
The howler monkey barely misses you.
You closely miss the howler monkey.
The howler monkey is heavily wounded.
The howler monkey hits you.
You die...

.........# #....$.# *
#####.##.# ......# *
#####.##.## * .....
,,, ....#.#...### #.h.
###.#...#...# .##.#
###...#.# ###.##.# *
#.###...#.###.).##.# ,
#.............####.#
#######...#.....@h.†.#
...K.....#############
##########


You could see a howler monkey.

Vanquished Creatures
  A howler monkey (D:4)
  A worker ant (D:4)
  2 adders
  2 oozes
  2 bats
  4 goblins
  2 jackals (D:3)
  A quokka (D:3)
  A rat (D:1)
16 creatures vanquished.

Notes
Turn   | Place    | Note
-------+----------+-------------------------------------------
     0 | D:1      | letownia2 the Deep Dwarf Necromancer began the quest for the Orb.
     0 | D:1      | Reached XP level 1. HP: 15/15 MP: 3/3
   125 | D:1      | Reached XP level 2. HP: 20/22 MP: 0/5
   277 | D:2      | Reached skill level 5 in Necromancy
   393 | D:3      | Noticed RaverJD's ghost (amateur MiBe)
   420 | D:4      | Noticed a slave
   420 | D:4      | Noticed a slave
   421 | D:4      | Noticed Pikel
   421 | D:4      | Noticed a slave
   446 | D:4      | Noticed a howler monkey
   451 | D:4      | Killed a howler monkey
   451 | D:4      | Reached XP level 3. HP: 17/28 MP: 0/6
   540 | D:4      | Reached skill level 6 in Necromancy
   540 | D:4      | Reached XP level 4. HP: 22/36 MP: 4/7
   541 | D:4      | Noticed a slave
   569 | D:4      | Learned a level 3 spell: Vampiric Draining
  1038 | D:4      | Slain by a howler monkey

Skill      XL: |  1  2  3 |
---------------+----------+-----
Spellcasting   | 2 |  2.0
Necromancy     | 5 6 |  6.4
Dodging        | |  2.1
Stealth        | |  2.4

Action                   |  1- 3 |  4- 6 || total
-------------------------+-------+-------++-------
Melee: Unarmed           |     7 |       ||     7
       Dagger            |       |    13 ||    13
 Cast: Pain              |    33 |     6 ||    39
       Vampiric Draining |       |     5 ||     5
Armor: Robe              |     6 |     6 ||    12
Dodge: Dodged            |    18 |    33 ||    51
